 Dungeon Crawl Stone Soup version 0.23-a0-681-g26ad783 (console) character file.

31 Duffy the Conjurer (level 3, 20/24 HPs)
             Began as a Demonspawn Fire Elementalist on Jan 10, 2019.
             Quit the game on level 2 of the Dungeon.
             The game lasted 00:00:30 (509 turns).

Duffy the Conjurer (Demonspawn Fire Elementalist)    Turns: 509, Time: 00:00:31

Health: 20/24      AC:  2    Str:  8    XL:     3   Next: 7%
Magic:  0/6        EV: 12    Int: 17    God:
Gold:   21         SH:  0    Dex: 13    Spells: 5/6 levels left

rFire    + . .     SeeInvis .   (no weapon)
rCold    . . .     Gourm    .   (no shield)
rNeg     . . .     Faith    .   a - +0 robe
rPois    .         Spirit   .   (no helmet)
rElec    .         Reflect  .   (no cloak)
rCorr    .         Harm     .   (no gloves)
MR       .....                  (no boots)
Stlth    ++........             (no amulet)
HPRegen  0.08/turn              (no ring)
MPRegen  0.10/turn              (no ring)

@: no status effects
A: fire resistance 1
a: no special abilities


You were on level 2 of the Dungeon.
You were not hungry.

You visited 1 branch of the dungeon, and saw 2 of its levels.

You collected 21 gold pieces.

Inventory:

Armour
 a - a +0 robe (worn)
Scrolls
 d - a scroll of identify {unknown}
 e - a scroll of enchant armour {unknown}
Potions
 b - 2 potions of curing {unknown}
 f - a potion of agility {unknown}
Comestibles
 c - 4 rations


   Skills:
 - Level 1.7 Dodging
 - Level 1.7 Stealth
 - Level 2.0 Spellcasting
 + Level 3.1 Conjurations
 - Level 2.6 Fire Magic


You had 5 spell levels left.
You knew the following spells:

 Your Spells              Type           Power        Failure   Level  Hunger
h - Flame Tongue          Conj/Fire      ##...        6%          1    #......

Your spell library contained the following spells:

 Spells                   Type           Power        Failure   Level  Hunger
 Throw Flame              Conj/Fire      ##....       9%          2    ###....
 Conjure Flame            Conj/Fire      ##......     19%         3    ###....
 Inner Flame              Hex/Fire       #.......     32%         3    ###....
 Sticky Flame             Conj/Fire      ##......     52%         4    #####..
 Fireball                 Conj/Fire      ##........   86%         5    ######.


Dungeon Overview and Level Annotations

Branches:
Dungeon (2/15)

Altars:


Innate Abilities, Weirdness & Mutations

Your flesh is heat resistant. (rF+)


Message History

You barely miss Jessica.
Jessica is almost dead.
Jessica closely misses you.
You hit Jessica.
Jessica is almost dead.
Jessica hits you.
You hit Jessica.
You kill Jessica!
Your Conjurations skill gained 2 levels and is now at level 3!
You have reached level 2!
Your demonic ancestry asserts itself...
You feel resistant to heat.
You have reached level 3!
Your experience leads to an increase in your attributes!
Increase (S)trength, (I)ntelligence, or (D)exterity?
You feel clever.
f - a viscous puce potion
Things that are here:
a +0 robe; the human corpse of Jessica Are you sure you want to abandon this character and quit the game? (Confirm

#.# #.# #.#
###.#####
#.#
#.......#
#.#
#.#.###.#
...###.#.##
..........#
...###.#..#
# #.#..##.#
#....@..#
###..####
#..# #.=#
...# .....
.#.#..
.#....


There were no monsters in sight!

Vanquished Creatures
  Jessica (D:2)
  A goblin (D:1)
  3 bats (D:1)
  A frilled lizard (D:2)
  A rat (D:1)
7 creatures vanquished.

Notes
Turn   | Place    | Note
-------+----------+-------------------------------------------
     0 | D:1      | Duffy the Demonspawn Fire Elementalist began the quest for
                  | the Orb.
     0 | D:1      | Reached XP level 1. HP: 13/13 MP: 3/3
   500 | D:2      | Noticed Jessica
   506 | D:2      | Killed Jessica
   506 | D:2      | Reached skill level 3 in Conjurations
   506 | D:2      | Gained mutation: Your flesh is heat resistant. (rF+)
                  | [demonic ancestry]
   506 | D:2      | Reached XP level 2. HP: 16/19 MP: 0/5
   506 | D:2      | Reached XP level 3. HP: 20/24 MP: 0/6
   509 | D:2      | Quit the game

Vault maps used:
D:1:      psy_arrival_basics
D:2:      first_ration, uniq_jessica

Skill      XL: |  1 |
---------------+----+-----
Conjurations   | 3 |  3.1
Dodging        | |  1.7
Stealth        | |  1.7
Spellcasting   | |  2.0
Fire Magic     | |  2.6

Action                   || total
-------------------------++-------
Melee: Unarmed           ||    10
 Cast: Flame Tongue      ||    12
Armor: Robe              ||     2
Dodge: Dodged            ||    12

Table legend:
 A = Non-vault XP
 B = Vault XP
 C = Vault XP percentage of total XP
 D = Non-vault monster count
 E = Vault monster count
 F = Vault count percentage of total count
                 A         B        C        D         E       F
            +---------+---------+-------+---------+---------+-------
      Total |       8 |      37 |  82.2 |       6 |       1 |  14.3
            +---------+---------+-------+---------+---------+-------
        D:1 |       7 |       0 |   0.0 |       5 |       0 |   0.0
        D:2 |       1 |      37 |  97.4 |       1 |       1 |  50.0
            +---------+---------+-------+---------+---------+-------
